 Dungeon Crawl Stone Soup version 0.28-a0-793-g31680bbd8b (webtiles) character file.

Game seed: 16741349855586467863

808 ThanksArdit the Spear-Bearer (level 7, -3/55 HPs)
             Began as a Merfolk Gladiator on Oct 26, 2021.
             Slain by an ice beast (6 damage)
             ... on level 7 of the Dungeon on Nov 3, 2021.
             The game lasted 00:53:01 (4474 turns).

ThanksArdit the Spear-Bearer (Merfolk Gladiator)    Turns: 4474, Time: 00:53:04

Health: -3/55      AC: 11    Str: 17    XL:     7   Next: 92%
Magic:  7/7        EV: 14    Int:  7    God:
Gold:   222        SH:  0    Dex: 15    Spells: 6/6 levels left

rFire   + . .      SeeInvis .   a - +0 trident
rCold   + . .      Faith    .   (no shield)
rNeg    . . .      Spirit   .   k - +0 ring mail
rPois   .          Reflect  .   c - +0 helmet
rElec   .          Harm     .   o - scarf {rC+ rF+}
rCorr   .          Rampage  .   l - +0 pair of gloves
Will    .....                   (no boots)
Stlth   +.........              (no amulet)
HPRegen 0.18/turn               g - +4 ring of protection
MPRegen 0.10/turn               (no ring)

@: flying
A: (nimble swimmer 2), mertail
a: no special abilities


You were on level 7 of the Dungeon.
You visited 2 branches of the dungeon, and saw 8 of its levels.

You collected 222 gold pieces.

Inventory:

Hand Weapons
 a - a +0 trident (weapon)
 f - a +1 vorpal mace
 j - a +0 hunting sling
 w - a +0 rapier
Missiles
 b - 49 stones
 d - 3 throwing nets (quivered)
Armour
 c - a +0 helmet (worn)
 h - a +0 cloak
 k - a +0 ring mail (worn)
 l - a +0 pair of gloves (worn)
 o - a scarf of resistance (worn)
 p - a +0 plate armour of fire resistance
Magical Staves
 u - a staff of fire
Jewellery
 g - a +4 ring of protection (left hand)
 s - an amulet of faith
 v - a +4 ring of slaying
Scrolls
 q - a scroll of teleportation {unknown}
 t - a scroll of blinking {unknown}
 x - a scroll of enchant armour {unknown}
 y - a scroll of amnesia
Potions
 e - a potion of might
 i - a potion of magic


   Skills:
 + Level 4.9 Fighting
 - Level 0.2 Maces & Flails
 * Level 9.5 Polearms
 - Level 2.1 Throwing
 - Level 0.1 Armour
 + Level 7.0 Dodging


You had 6 spell levels left.
You didn't know any spells.
Your spell library contained the following spells:

 Spells                   Type           Power      Damage    Failure   Level
 Call Canine Familiar     Summ           0%         N/A       95%         3
 Frozen Ramparts          Ice            0%         1d2       95%         3
 Portal Projectile        Hex/Tloc       0%         N/A       95%         3
 Cause Fear               Hex            0%         N/A       100%        4
 Ice Form                 Ice/Tmut       0%         N/A       100%        4
 Leda's Liquefaction      Hex/Erth       0%         N/A       100%        4
 Summon Ice Beast         Ice/Summ       0%         N/A       100%        4
 Dragon Form              Tmut           0%         N/A       100%        7
 Dragon's Call            Summ           0%         N/A       100%        9


Dungeon Overview and Level Annotations

Branches:
Dungeon (7/15)             Temple (1/1) D:4

Altars:
Ashenzari
Cheibriados
Dithmenos
Elyvilon
Fedhas
Gozag
Hepliaklqana
Kikubaaqudgha
Makhleb
Nemelex Xobeh
Ru
Uskayaw
Vehumet
Wu Jian
The Shining One


Innate Abilities, Weirdness & Mutations

((You are quick and stealthy near water. (Stealth+, EV+, Speed+++)))
Your lower body shifts to a powerful aquatic tail in water.


Message History

The centaur shoots an arrow.
The arrow barely misses you. The adder bites you.
* * * LOW HITPOINT WARNING * * *
The centaur shoots an arrow.
The arrow hits you!
* * * LOW HITPOINT WARNING * * *
You climb downwards.
The orc shouts!
Found 35 gold pieces and a Young Poisoner's Handbook.
There is a stone staircase leading up here.
As you read the scroll of summoning, it crumbles to dust.
Wisps of shadow whirl around you... The adder bites you but does no damage.
The adder barely misses you. The ice beast closely misses you.
It was a potion of flight.
You feel very buoyant.
You fly up into the air.
A water moccasin comes into view.
The adder bites you but does no damage.
The orc hits your steam dragon with a +1 falchion of electrocution.
Your iguana bites the ice beast!
Your wight hits the adder with a +4 flail of freezing!
Your wight freezes the adder.
The adder dies!
The ice beast barely misses you.
Your steam dragon breathes steam at the phantom.
The ball of steam hits the phantom!
You hear a bark!
Unknown command.
You don't know any spells.
The orc barely misses your steam dragon.
The phantom is engulfed in a cloud of scalding steam.
Your iguana closely misses the ice beast.
Your steam dragon barely misses the phantom. x2
You see here an adder corpse.
You swap places.
The orc hits your steam dragon with a +1 falchion of electrocution.
Your steam dragon bites the phantom.
Your steam dragon claws the phantom.
The phantom is destroyed!
Your iguana bites the ice beast.
The ice beast hits you.
* * * LOW HITPOINT WARNING * * *
The ice beast freezes you. You resist.
You die...

..# ..## .
...# .. ##...#
...#####....##
.............#
....S........#
.......@.l...#
.......zY....#
..#..$zz<....#
##$...##...#
##.D§# ...#
#.o.# ..#
#..## .# #..
.# ...


You could see a water moccasin, an ice beast (ally target), an orc (ally
target), a friendly steam dragon (summoned), a friendly iguana (summoned) and 3
friendly wights.

Vanquished Creatures
  A sky beast (D:6)
  A phantom (D:5)
  A bullfrog (D:6)
  A wyvern zombie (D:4)
  2 scorpions (D:5)
  3 water moccasin skeletons
  A bullfrog zombie (D:6)
  A hound (D:3)
  An orc priest (D:4)
  A centaur skeleton (D:4)
  3 adders
  An ufetubus (D:5)
  2 worms (D:2)
  4 dart slugs
  7 orcs
  4 endoplasms
  A giant cockroach (D:2)
  3 goblins
  5 hobgoblins
  14 jackals
  3 quokkas
  5 ball pythons
  7 bats
  5 frilled lizards
  7 kobolds
  6 rats
  A bush (D:4)
91 creatures vanquished.

Vanquished Creatures (collateral kills)
  A phantom (D:7)
  An adder (D:7)
2 creatures vanquished.

Grand Total: 93 creatures vanquished

Notes
Turn   | Place    | Note
-------+----------+-------------------------------------------
     0 | D:1      | ThanksArdit the Merfolk Gladiator began the quest for the
                  | Orb.
     0 | D:1      | Reached XP level 1. HP: 16/16 MP: 1/1
   198 | D:1      | Reached XP level 2. HP: 20/23 MP: 2/2
   295 | D:2      | Reached XP level 3. HP: 28/28 MP: 3/3
   352 | D:2      | Reached skill level 5 in Polearms
   451 | D:1      | Found a faded altar of an unknown god.
   473 | D:1      | Upgraded the game from 0.28-a0-723-g095bd1b44f to
                  | 0.28-a0-724-g66f9036eb4
   852 | D:3      | Found an ancient bone altar of Kikubaaqudgha.
  1025 | D:3      | Reached XP level 4. HP: 34/34 MP: 4/4
  1059 | D:3      | Reached skill level 5 in Dodging
  1176 | D:3      | Reached skill level 6 in Polearms
  1176 | D:3      | Reached XP level 5. HP: 28/41 MP: 5/5
  1421 | D:3      | Upgraded the game from 0.28-a0-724-g66f9036eb4 to
                  | 0.28-a0-779-g3d1f99b579
  1579 | D:4      | Reached skill level 7 in Polearms
  1579 | D:4      | Reached XP level 6. HP: 24/45 MP: 6/6
  1752 | D:5      | Entered Level 5 of the Dungeon
  2145 | D:4      | Found a staircase to the Ecumenical Temple.
  2344 | Temple   | Entered the Ecumenical Temple
  3870 | D:4      | Upgraded the game from 0.28-a0-779-g3d1f99b579 to
                  | 0.28-a0-793-g31680bbd8b
  3905 | D:5      | Found a glowing golden altar of the Shining One.
  3926 | D:5      | Reached skill level 8 in Polearms
  4000 | D:5      | Reached XP level 7. HP: 54/54 MP: 7/7
  4135 | D:5      | You fall into a shaft and drop 1 floor!
  4205 | D:6      | Reached skill level 9 in Polearms
  4380 | D:6      | Found a shadowy altar of Dithmenos.
  4474 | D:7      | Slain by an ice beast

Illustrated notes

Levels and vault maps discovered:
D:1:      psy_arrival_basics, layout_basic, dreamdust_ecumenical_altar_statues
D:2:      layout_basic
D:3:      layout_basic, kiku_gazebo_pond_becter
D:4:      layout_basic, minmay_temple_entry_overgrown
D:5:      layout_loops_ring, lightli_temple_of_fire, old_standard_altar,
          kennysheep_doodads, minivault_1, minmay_misc_feat_columns
D:6:      layout_basic, overflow_temple_1_default, nrook_loot_triangle,
          uniq_eustachio
D:7:      layout_layer_cave, uniq_crazy_yiuf_cottage
Temple:   minmay_temple_forest_path

Skill      XL: |  1  2  3  4  5  6  7 |
---------------+----------------------+-----
Polearms       | 5 6 7 8 9 |  9.5
Dodging        | 5 6 7 |  7.0
Fighting       | 3 4 |  4.9
Maces & Flails | |  0.2
Throwing       | |  2.1
Armour         | |  0.1

Action                   |  1- 3 |  4- 6 |  7- 9 || total
-------------------------+-------+-------+-------++-------
Melee: Trident           |    39 |   315 |    73 ||   427
       Mace              |    42 |       |       ||    42
Throw: Throwing net      |     1 |       |       ||     1
  Use: Potion            |       |     3 |     2 ||     5
       Scroll            |       |     2 |     1 ||     3
Armor: Leather armour    |    26 |     8 |       ||    34
       Ring mail         |       |    59 |    31 ||    90
Dodge: Dodged            |    71 |   131 |    36 ||   238

Table legend: (Time is in decaauts)
 A = Elapsed time spent in this place.
 B = Non-inter-level travel time spent in this place.
 C = Inter-level travel time spent in this place.
 D = Time resting spent in this place.
 E = Time spent auto-exploring this place.
 F = Levels seen in this place.
 G = Mean time per level.
                   A        B        C        D        E       F      G
               +--------+--------+--------+--------+--------+-----+--------+
         Total |   4467 |   4246 |    221 |    106 |   1119 |   8 |  558.4 |
       Dungeon |   3950 |   3779 |    171 |    106 |    891 |   7 |  564.3 |
        Temple |    516 |    466 |     50 |      0 |    228 |   1 |  516.0 |
               +--------+--------+--------+--------+--------+-----+--------+

Top non-repeatable levels by time:
     D:4: 875 daAuts
     D:3: 875 daAuts
     D:1: 796 daAuts
     D:2: 672 daAuts
  Temple: 516 daAuts
     D:5: 398 daAuts
     D:6: 327 daAuts
     D:7: 3 daAuts
